 Dungeon Crawl Stone Soup version 0.26.1-11-gd32895ea62 (webtiles) character file.

Game seed: 293739832765426548

1701 Zeld the Slicer (level 8, -2/39 HPs)
             Began as a Spriggan Brigand on June 4, 2021.
             Was an Initiate of Dithmenos.
             Slain by an orc
             ... wielding a +0 club
              (4 damage)
             ... on level 6 of the Dungeon.
             The game lasted 00:25:50 (28650 turns).

Zeld the Slicer (Spriggan Brigand)                 Turns: 28650, Time: 00:25:51

Health: -2/39      AC:  3    Str:  7    XL:     8   Next: 73%
Magic:  12/12      EV: 17    Int: 12    God:    Dithmenos [......]
Gold:   175        SH:  0    Dex: 20    Spells: 11/11 levels left

rFire    . . .     SeeInvis +   a - +2 dagger
rCold    . . .     Faith    .   (shield restricted)
rNeg     . . .     Spirit   .   b - +0 robe
rPois    .         Reflect  .   (helmet restricted)
rElec    .         Harm     .   c - +0 cloak
rCorr    .         Rampage  .   (gloves unavailable)
Will     +....                  (boots unavailable)
Stlth    ++++......             (no amulet)
HPRegen  0.13/turn              (no ring)
MPRegen  0.13/turn              (no ring)

@: very quick
A: very small, unfitting armour, see invisible, speed 3
a: Renounce Religion


You were on level 6 of the Dungeon.
You worshipped Dithmenos.
Dithmenos was noncommittal.
You visited 2 branches of the dungeon, and saw 8 of its levels.

You collected 505 gold pieces.
You spent 330 gold pieces at shops.

Inventory:

Hand Weapons
 a - a +2 dagger (weapon)
Missiles
 d - 25 poisoned darts (quivered)
 e - 2 curare-tipped darts
 w - a throwing net
Armour
 b - a +0 robe (worn)
 c - a +0 cloak (worn)
Jewellery
 f - an uncursed ring of willpower {unknown}
 p - an uncursed ring of see invisible {unknown}
 A - an uncursed ring of protection from fire {unknown}
Wands
 B - a wand of digging (6)
Scrolls
 i - 8 scrolls of identify {unknown}
 j - a scroll of magic mapping {unknown}
 l - 4 scrolls of remove curse
 m - 2 scrolls of enchant weapon {unknown}
 o - 2 scrolls of teleportation {unknown}
 q - 3 scrolls of amnesia {unknown}
 r - a scroll of blinking {unknown}
 v - 4 scrolls of fear {unknown}
 y - a scroll of fog {unknown}
 z - a scroll of holy word {unknown}
Potions
 g - 6 potions of degeneration {unknown}
 h - 5 potions of curing
 k - 2 potions of mutation {unknown}
 n - 5 potions of heal wounds {unknown}
 s - 2 potions of lignification {unknown}
 t - a potion of attraction {unknown}
 u - 2 potions of haste {unknown}
 x - a potion of invisibility {unknown}
 C - a potion of might


   Skills:
 + Level 2.0 Fighting
 - Level 10.0 Short Blades
 - Level 6.0 Throwing
 - Level 1.5 Dodging
 + Level 6.3 Stealth
 * Level 2.1 Spellcasting
 * Level 1.8 Invocations


You had 11 spell levels left.
You didn't know any spells.
Your spell library contained the following spells:

 Spells                   Type           Power        Failure   Level
 Foxfire                  Conj/Fire      4%           26%         1
 Magic Dart               Conj           4%           26%         1
 Searing Ray              Conj           2%           38%         2
 Conjure Flame            Conj/Fire      1%           63%         3
 Dazzling Flash           Conj/Hex       2%           63%         3
 Inner Flame              Hex/Fire       1%           63%         3
 Fulminant Prism          Conj/Hex       0%           95%         4
 Iskenderun's Mystic Bla  Conj/Tloc      1%           95%         4
 Sticky Flame             Conj/Fire      1%           95%         4
 Fireball                 Conj/Fire      0%           100%        5


Dungeon Overview and Level Annotations

Branches:
Dungeon (7/15)             Temple (1/1) D:5

Altars:
Ashenzari
Cheibriados
Dithmenos
Elyvilon
Fedhas
Gozag
Hepliaklqana
Kikubaaqudgha
Makhleb
Nemelex Xobeh
Okawaru
Qazlal
Ru
Sif Muna
Trog
Uskayaw
Vehumet
Wu Jian
Xom
Yredelemnul
Zin
The Shining One

Shops:
D:6 *


Innate Abilities, Weirdness & Mutations

You are very small and have problems with some larger weapons.
You are too small for most types of armour.
You have supernaturally acute eyesight. (SInv)
You cover ground extremely quickly.


Message History

The orc wizard casts a spell at you. The magic dart hits you!
You hit the orc wizard but do no damage.
The orc wizard is heavily wounded.
The orc hits you with a +0 club.
The orc warrior hits you from afar with a +0 halberd!
The orc misses you.
The orc wizard hits you with a +0 dagger.
The orc hits you with a +0 club. The orc hits you but does no damage.
The orc warrior hits you from afar with a +0 halberd!
* * * LOW HITPOINT WARNING * * *
You climb upwards.
There is a stone staircase leading down here.
You hit the orc.
The orc is heavily wounded.
Unknown command.
You hit the orc.
The orc is almost dead.
The orc hits you but does no damage. The orc hits you with a +0 club.
You die...

#....# ###.#######...## ####.#
##.## ##.....## ##.##.# ##...#
##.......#
###...#.#########....###.........
.......................'.........
###...#.########.......#.........
##.##.# #oo.....##.......# ####.#
#o#...#####.....## #.# #@#...#
##...## #.# #o##### ##'## #.#
#.###########.# ## #.#
#.##.......##.# .# #.#
#.##.#####.##.## .# #.#
#.##.#####.#...## .######.#
#........#......## ........#
####.###.......... .######## #.#
###.##.####


You could see an orc wizard and 3 orcs.

Vanquished Creatures
  An orc warrior (D:3)
  An ice beast (D:5)
  A sky beast (D:5)
  3 ogres
  A centaur (D:5)
  2 phantoms (D:5)
  2 bullfrogs (D:6)
  A water moccasin zombie (D:4)
  2 scorpions
  A centaur zombie (D:4)
  A hound (D:4)
  2 orc wizards (D:4)
  A bullfrog zombie (D:4)
  An iguana (D:5)
  2 bullfrog skeletons
  2 worker ants (D:4)
  5 hound zombies
  A hound skeleton (D:4)
  2 worker ant zombies (D:4)
  A howler monkey skeleton (D:4)
  7 adders
  A white imp (D:6)
  3 oozes
  An ufetubus (D:4)
  An adder skeleton (D:5)
  4 adder zombies
  2 worms
  A dart slug (D:1)
  7 leopard geckos
  24 orcs
  5 giant cockroaches
  7 goblins
  6 hobgoblins
  3 jackals (D:2)
  7 kobolds
  2 quokkas
  5 bats
  5 frilled lizards
  A giant cockroach zombie (D:4)
  4 rats
129 creatures vanquished.

Vanquished Creatures (others)
  A scorpion (D:4)
  A leopard gecko (D:4)
  2 orcs (D:4)
  A leopard gecko zombie (D:5)
  2 withered plants (D:4)
7 creatures vanquished.

Grand Total: 136 creatures vanquished

Notes
Turn   | Place    | Note
-------+----------+-------------------------------------------
     0 | D:1      | Zeld the Spriggan Brigand began the quest for the Orb.
     0 | D:1      | Reached XP level 1. HP: 10/10 MP: 2/2
   311 | D:1      | Reached XP level 2. HP: 13/14 MP: 3/3
   854 | D:1      | Reached skill level 3 in Short Blades
   974 | D:1      | Reached XP level 3. HP: 18/18 MP: 4/4
  1925 | D:2      | Reached XP level 4. HP: 9/22 MP: 5/5
  3560 | D:3      | Reached skill level 4 in Short Blades
  3885 | D:3      | Noticed an orc warrior
  4649 | D:3      | Killed an orc warrior
  4650 | D:3      | Reached XP level 5. HP: 17/25 MP: 6/6
  5106 | D:2      | Reached skill level 5 in Short Blades
  5970 | D:4      | Found a shimmering altar of Xom.
  5974 | D:4      | Noticed a phantom
  7058 | D:4      | Reached XP level 6. HP: 22/30 MP: 7/7
  8253 | D:4      | Reached skill level 5 in Throwing
  9771 | D:4      | Reached skill level 6 in Short Blades
 10593 | D:4      | Reached XP level 7. HP: 30/33 MP: 8/8
 11613 | D:4      | Reached skill level 7 in Short Blades
 16277 | D:5      | Entered Level 5 of the Dungeon
 16432 | D:5      | Found a white marble altar of Elyvilon.
 16831 | D:4      | Found a shimmering altar of Xom.
 18396 | D:4      | Found a shimmering altar of Xom.
 19542 | D:5      | Reached skill level 8 in Short Blades
 20332 | D:5      | Found a staircase to the Ecumenical Temple.
 20348 | Temple   | Entered the Ecumenical Temple
 20355 | Temple   | Became a worshipper of Dithmenos the Shadowed
 20591 | D:5      | Reached XP level 8. HP: 29/37 MP: 9/9
 23924 | D:5      | Reached skill level 9 in Short Blades
 25749 | D:6      | Found a white marble altar of Elyvilon.
 26222 | D:6      | Found Effioh's General Store.
 26225 | D:6      | Bought a potion of curing for 33 gold pieces
 26225 | D:6      | Bought a scroll of remove curse for 33 gold pieces
 26225 | D:6      | Bought a wand of digging (6) for 220 gold pieces
 26225 | D:6      | Bought a potion of might for 44 gold pieces
 26236 | D:6      | Reached skill level 10 in Short Blades
 26304 | D:6      | Found a broken altar of Ashenzari.
 26653 | D:5      | Found a staircase to the Ecumenical Temple.
 26692 | D:5      | Found a white marble altar of Elyvilon.
 27467 | D:5      | Reached skill level 1 in Spellcasting
 27467 | D:5      | Reached skill level 1 in Invocations
 27820 | D:5      | Found a staircase to the Ecumenical Temple.
 27862 | D:5      | Found a white marble altar of Elyvilon.
 28647 | D:7      | HP: 1/39 [orc warrior/+0 halberd (13)]
 28650 | D:6      | Slain by an orc

Illustrated notes

Levels and vault maps discovered:
D:1:      saegor_arrival_simple_b, layout_loops_ring, minmay_small_reverse_x
D:2:      layout_basic
D:3:      layout_rooms
D:4:      layout_gridville, serial_undead, serial_undead_e, serial_undead_d,
          serial_undead_a, serial_undead_a, xom_confusion_cloud
D:5:      layout_rooms, minmay_temple_entry_statues_pillars, basic_altar,
          minmay_misc_feat_square, minmay_quadrilaterals
D:6:      layout_loops_corners, elyvilon_altar_5, serial_shops,
          nicolae_shop_window_shopping, cheibrodos_ashenzari_chains
D:7:      layout_cave_pools, grunt_decor_cap, grunt_livestock
Temple:   minmay_crystal_snake_temple

Skill      XL: |  1  2  3  4  5  6  7  8 |
---------------+-------------------------+-----
Short Blades   | 3 4 5 6 8 10 | 10.0
Throwing       | 3 4 5 6 |  6.0
Stealth        | 6 |  6.3
Spellcasting   | 2 |  2.1
Invocations    | 1 |  1.8
Fighting       | 2 |  2.0
Dodging        | |  1.5

Action                   |  1- 3 |  4- 6 |  7- 9 || total
-------------------------+-------+-------+-------++-------
Melee: Dagger            |   142 |   408 |   928 ||  1478
       Short sword       |       |       |    24 ||    24
Throw: Dart              |       |    10 |    10 ||    20
 Stab: Sleeping          |    12 |     4 |     6 ||    22
       Distracted        |       |       |     6 ||     6
Armor: Robe              |    30 |    49 |    42 ||   121
Dodge: Dodged            |   130 |   293 |   510 ||   933
